 Dungeon Crawl Stone Soup version 0.30.0-29-ga12c61a403 (webtiles) character file.

Game seed: 3631340851690541853

76108 SERVANTOFGOD the Basher (level 16, -11/127 (132) HPs)
             Began as a Formicid Fighter on June 7, 2023.
             Was the Champion of Okawaru.
             Killed from afar by an orc sorcerer (24 damage)
             ... with a bolt of negative energy
             ... on level 2 of the Orcish Mines.
             The game lasted 00:48:15 (22427 turns).

SERVANTOFGOD the Basher (Formicid Fighter)         Turns: 22427, Time: 00:48:15

HP:   -11/127 (132) AC: 25    Str: 28    XL:     16   Next: 0%
MP:   23/23         EV: 10    Int:  7    God:    Okawaru [******]
Gold: 2211          SH: 15    Dex: 13    Spells: 15/15 levels left

rFire   + + .        S - +7 eveningstar of the Blessed Realm {freeze, rElec rF+}
rCold   + . .        R - +3 kite shield of the Other World {Regen+ Slay+3}
rNeg    . . .        E - +0 plate armour
rPois   +            (helmet unavailable)
rElec   +            (no cloak)
rCorr   .            F - +3 pair of gauntlets of War {Slay+5}
SInv    +            T - +1 pair of boots of Jigsaw {+Inv rPois Int-2 Stlth+}
Will    ++++.        M - amulet of Xovuhep {Harm Will++ Regen+}
Stlth   +            v - ring of Pedel {rF+ AC+4}
HPRegen 2.01/turn    A - ring "Lauxouto" {rElec rC+ Will+ SInv}
MPRegen 0.18/turn

%: harm (+30% outgoing, +20% incoming)
@: spiked, lightly drained
A: permanent stasis, dig shafts and tunnels, antennae 3, four strong arms
a: Dig, Shaft Self, Renounce Religion, Evoke Invisibility, Heroism, Finesse,
Duel


You were on level 2 of the Orcish Mines.
You worshipped Okawaru.
Okawaru was exalted by your worship.
You visited 4 branches of the dungeon, and saw 20 of its levels.
You also visited: Ossuary, Bailey and Ice Cave.

You collected 2961 gold pieces.
You spent 750 gold pieces at shops.

Inventory:

Hand Weapons
 I - a +0 giant spiked club
 S - the +7 eveningstar of the Blessed Realm (weapon) {freeze, rElec rF+}
   (Okawaru gifted it to you on level 5 of the Lair of Beasts)

   rF:        It protects you from fire.
   rElec:     It insulates you from electricity.
Missiles
 m - 2 throwing nets
Armour
 E - a +0 plate armour (worn)
 F - the +3 pair of gauntlets of War (worn) {Slay+5}
   (You found it in a bailey)

   Slay:      It affects your accuracy & damage with ranged weapons and melee
   (+5).
 N - the +0 tower shield "Marasy" {rCorr Dex+3}
   (Okawaru gifted it to you on level 11 of the Dungeon)

   Dex:       It affects your dexterity (+3).
   rCorr:     It protects you from acid and corrosion.
 R - the +3 kite shield of the Other World (worn) {Regen+ Slay+3}
   (Okawaru gifted it to you in an ice cave)

   Slay:      It affects your accuracy & damage with ranged weapons and melee
   (+3).
   Regen:     It increases your rate of health regeneration.
 T - the +1 pair of boots of Jigsaw (worn) {+Inv rPois Int-2 Stlth+}
   (Okawaru gifted it to you on level 5 of the Lair of Beasts)

   Int:       It affects your intelligence (-2).
   rPois:     It protects you from poison.
   +Inv:      It lets you turn invisible.
   Stlth:     It makes you more stealthy.
Jewellery
 v - the ring of Pedel (left hand) {rF+ AC+4}
   (You bought it in a shop on level 2 of the Orcish Mines)

   [ring of protection]

   AC:        It affects your AC (+4).
   rF:        It protects you from fire.
 A - the ring "Lauxouto" (right hand) {rElec rC+ Will+ SInv}
   (You found it on level 3 of the Dungeon)

   [ring of protection from cold]

   rC:        It protects you from cold.
   rElec:     It insulates you from electricity.
   SInv:      It lets you see invisible.
   Will:      It increases your willpower.
 M - the amulet of Xovuhep (around neck) {Harm Will++ Regen+}
   (You found it on level 10 of the Dungeon)

   [amulet of regeneration]

   Regen:     It increases your rate of health regeneration.
   Harm:      It increases damage dealt and taken.
   Will:      It greatly increases your willpower.
 V - a ring of flight
Wands
 l - a wand of quicksilver (9)
 B - a wand of polymorph (4)
 K - a wand of flame (15)
 Q - a wand of iceblast (1)
Scrolls
 b - 3 scrolls of amnesia
 c - a scroll of poison
 e - 7 scrolls of vulnerability
 i - a scroll of enchant armour
 j - 2 scrolls of fog
 s - 6 scrolls of identify
 t - 7 scrolls of summoning
 y - 4 scrolls of noise
 C - 2 scrolls of silence
 H - 2 scrolls of magic mapping
 J - 2 scrolls of fear
 L - 2 scrolls of enchant weapon
 O - a scroll of brand weapon
Potions
 a - 5 potions of attraction
 d - 3 potions of might
 f - 5 potions of curing
 g - a potion of invisibility
 k - 6 potions of brilliance
 n - 2 potions of heal wounds
 o - a potion of cancellation
 p - 2 potions of magic
 q - 2 potions of ambrosia
 r - 5 potions of lignification
 u - 7 potions of degeneration
 x - 4 potions of haste
 z - 4 potions of mutation
 D - 3 potions of flight {unknown}
 G - a potion of berserk rage {unknown}


   Skills:
 * Level 13.7 Fighting
 * Level 14.1 Maces & Flails
 + Level 10.6 Armour
 + Level 7.6 Dodging
 + Level 10.2 Stealth
 + Level 12.4 Shields
 + Level 9.4 Invocations
 + Level 8.5 Evocations


You had 15 spell levels left.
You didn't know any spells.
Your spell library contained the following spells:

 Spells                   Type           Power      Damage    Failure   Level
 Necrotise                Necr           0%         1d4       99%         1
 Slow                     Hex            0%         N/A       99%         1
 Sting                    Tmut/Pois      0%         1d3       99%         1
 Ensorcelled Hibernation  Hex/Ice        0%         N/A       100%        2
 Lesser Beckoning         Tloc           0%         N/A       100%        2
 Momentum Strike          Conj/Tloc      0%         3d8       100%        2
 Poisonous Vapours        Pois/Air       0%         N/A       100%        2
 Confusing Touch          Hex            0%         N/A       100%        3
 Dazzling Flash           Conj/Hex       0%         N/A       100%        3
 Inner Flame              Hex/Fire       0%         N/A       100%        3
 Ozocubu's Armour         Ice            0%         N/A       100%        3
 Spider Form              Tmut/Pois      0%         N/A       100%        3
 Vampiric Draining        Necr           0%         2d6       100%        3
 Anguish                  Hex/Necr       0%         N/A       100%        4
 Flame Wave               Conj/Fire      0%         2d4       100%        4
 Ice Form                 Ice/Tmut       0%         N/A       100%        4
 Olgreb's Toxic Radiance  Pois           0%         N/A       100%        4
 Sticky Flame             Conj/Fire      0%         2d3       100%        4
 Agony                    Necr           0%         N/A       100%        5
 Alistair's Intoxication  Tmut/Pois      0%         N/A       100%        5
 Borgnjor's Vile Clutch   Necr/Erth      0%         N/A       100%        5
 Metabolic Englaciation   Hex/Ice        0%         N/A       100%        5
 Silence                  Hex/Air        0%         N/A       100%        5
 Yara's Violent Unravell  Hex/Tmut       0%         3d3       100%        5
 Eringya's Noxious Bog    Tmut/Pois      0%         N/A       100%        6
 Enfeeble                 Hex            0%         N/A       100%        7
 Storm Form               Tmut/Air       0%         N/A       100%        7
 Blink                    Tloc           Unusable   N/A       N/A         2

Dungeon Overview and Level Annotations

Branches:
Dungeon (12/15)            Temple (1/1) D:6            Lair (5/5) D:11
 Shoals (0/4) Lair:2       Spider (0/4) Lair:3        Slime (0/5) Lair:5
    Orc (2/2) D:12            Elf (0/3) Orc:2       Ossuary (visited)
 Bailey (visited)           IceCv (visited)

Altars:
Ashenzari
Cheibriados
Dithmenos
Elyvilon
Fedhas
Gozag
Hepliaklqana
Kikubaaqudgha
Makhleb
Nemelex Xobeh
Okawaru
Qazlal
Ru
Sif Muna
Trog
Uskayaw
Vehumet
Wu Jian
Xom
Yredelemnul
Zin
The Shining One
Lugonu

Shops:
Orc:2 =(

Portals:
Abyss: Lair:5


Innate Abilities, Weirdness & Mutations

You cannot be hasted, slowed, berserked, paralysed or teleported.
You can dig through walls and to a lower floor.
You have a pair of large antennae on your head. (SInv)
Your four strong arms can wield two-handed weapons with a shield.


Message History

Okay, then.
The barbs in your skin will harm you if you move.
Continue?
Uppercase [Y]es or [N]o only, please.
The barbs in your skin will harm you if you move.
Continue? [Y]es or [N]o only, please.
The barbs in your skin will harm you if you move.
Continue?
The barbed spikes dig painfully into your body as you move.
* * * LOW HITPOINT WARNING * * *
You feel very sick.
Okay, then.
You feel much better.
You feel very sick.
The red devil hits you but does no damage.
The barbed spikes dig painfully into your body as you move.
You feel sick.
The barbed spikes dig painfully into your body as you move.
You feel sick.
The barbed spikes dig painfully into your body as you move.
You feel sick.
The barbed spikes dig painfully into your body as you move.
* * * LOW HITPOINT WARNING * * *
You feel sick.
The barbed spikes dig painfully into your body as you move.
* * * LOW HITPOINT WARNING * * *
You feel sick.
The barbed spikes dig painfully into your body as you move.
* * * LOW HITPOINT WARNING * * *
You feel sick.
The barbed spikes dig painfully into your body as you move.
* * * LOW HITPOINT WARNING * * *
You feel sick.
The barbed spikes dig painfully into your body as you move.
* * * LOW HITPOINT WARNING * * *
You feel sick.
You are no longer poisoned.
The orc sorcerer casts a spell at you.
The bolt of negative energy hits the red devil.
The red devil completely resists.
The bolt of negative energy hits you!!
You feel drained.
You die...

..#....##.##
......#....## ###
............## ##.#####
.............###....#.##
..#....................#
).................#.#.##
..........#.#.)..######
..................##
.........o.o..4.@..#
######)#############
######.######
#.....{{....###
..####.####.).## #o#
###.o## #.# { ##.o# #.#
{ { ##o# { #.# { #)#


You could see an orc knight, an orc sorcerer (strong) and a red devil
(summoned).

Vanquished Creatures
  A stone giant (D:10)
  Nessos (D:12)
  An ice dragon (IceCv)
  2 great orbs of eyes (D:10)
  Fannar (Lair:3)
  7 hydras
  A centaur warrior (D:9)
  An ogre mage (D:10)
  2 catoblepae
  7 two-headed ogres
  4 thrashing horrors (Lair:5)
  4 orc high priests
  4 skysharks
  Amaemon (Lair:3)
  A deep troll (D:10)
  A lindwurm (Lair:5)
  Pikel (D:5)
  4 orc knights
  3 deep elf pyromancers
  4 orc sorcerers
  4 ugly things
  A faun (Lair:5)
  2 wolf spiders (Lair:4)
  4 elephants (Lair:5)
  2 manticores
  2 large abominations (Lair:5)
  2 ice statues (IceCv)
  Joseph (D:7)
  2 smoke demons (Lair:5)
  8 cane toads
  An orange demon (Lair:3)
  Psyche (D:8)
  Maggie (D:8)
  8 komodo dragons
  9 rime drakes
  A merfolk (Lair:2)
  2 ancient zymes (Lair:5)
  A tengu conjurer (D:10)
  A wind drake (shapeshifter) (Lair:5)
  A meliai (shapeshifter) (D:10)
  3 trolls
  3 polar bears
  22 blink frogs
  A centaur simulacrum (D:10)
  Sigmund (D:4)
  2 slime creatures (D:11)
  A spriggan (Lair:5)
  A shadow (D:12)
  A spriggan (shapeshifter) (Lair:5)
  40 yaks
  7 basilisks
  A wraith (D:12)
  2 chaos spawn (Lair:5)
  5 wyverns
  12 vampire mosquitoes
  3 swamp worms (D:10)
  11 small abominations (Lair:5)
  3 acid dragons
  2 two-headed ogre zombies (D:12)
  4 wargs
  Duvessa (D:7)
  21 water moccasins
  23 orc warriors
  A black bear (D:4)
  4 ogres
  44 wolves
  3 centaurs
  2 phantoms
  Blork the orc (D:5)
  2 elf zombies (Ossuary)
  18 bullfrogs
  2 scorpions
  15 wights
  Dowan (D:7)
  15 killer bees
  5 lindwurm simulacra (IceCv)
  4 electric eels
  5 howler monkeys
  7 komodo dragon simulacra (IceCv)
  18 jellies
  2 centaur zombies (Ossuary)
  7 hounds
  6 orc priests
  A gnoll bouda (D:7)
  2 human zombies (Ossuary)
  2 sleepcaps
  2 iguanas (D:4)
  8 orc wizards
  5 ogre zombies (D:12)
  3 mummies (Ossuary)
  17 gnolls
  An acid dragon simulacrum (IceCv)
  6 adders
  2 shadow imps
  2 white imps
  8 steam dragon simulacra (IceCv)
  3 adder zombies (Ossuary)
  A worm (D:4)
  2 dart slugs
  49 orcs
  6 bats
  4 endoplasms
  5 giant cockroaches
  2 gnoll zombies (Ossuary)
  12 goblins
  11 hobgoblins
  3 quokkas
  8 ball pythons
  3 frilled lizards
  2 goblin skeletons (D:12)
  7 goblin zombies
  2 hobgoblin skeletons (D:12)
  5 hobgoblin zombies (Ossuary)
  A jackal zombie (Ossuary)
  3 kobolds
  5 kobold zombies (Ossuary)
  7 orc skeletons (D:12)
  12 orc zombies
  6 quokka zombies (Ossuary)
  4 rats
  4 rat zombies (Ossuary)
663 creatures vanquished.

Vanquished Creatures (others)
  An orc (Bailey)
1 creature vanquished.

Grand Total: 664 creatures vanquished

Notes
Turn   | Place    | Note
-------+----------+-------------------------------------------
     0 | D:1      | SERVANTOFGOD the Formicid Fighter began the quest for the
                  | Orb.
     0 | D:1      | Reached XP level 1. HP: 18/18 MP: 1/1
   149 | D:1      | Reached XP level 2. HP: 22/24 MP: 2/2
   663 | D:1      | Reached skill level 3 in Maces & Flails
   928 | D:2      | Reached XP level 3. HP: 28/29 MP: 3/3
  1308 | D:2      | Identified the +3 sling of Dadim {heavy, rElec rN+ Int+3}
  1618 | D:3      | Reached XP level 4. HP: 31/35 MP: 4/4
  1711 | D:3      | Found a radiant altar of Vehumet.
  1752 | D:3      | Identified the ring "Lauxouto" {rElec rC+ Will+ SInv}
  2287 | D:4      | Noticed a black bear
  2292 | D:4      | Killed a black bear
  2293 | D:4      | Reached skill level 4 in Maces & Flails
  2293 | D:4      | Reached XP level 5. HP: 38/42 MP: 5/5
  2369 | D:4      | Reached skill level 1 in Dodging
  2453 | D:4      | Reached XP level 6. HP: 33/48 MP: 6/6
  2939 | D:4      | Noticed Sigmund
  2949 | D:4      | Reached skill level 5 in Maces & Flails
  2949 | D:4      | Reached XP level 7. HP: 53/55 MP: 7/7
  2956 | D:4      | Killed Sigmund
  2957 | D:4      | Reached skill level 5 in Shields
  3221 | D:5      | Entered Level 5 of the Dungeon
  3306 | D:5      | Found a hazy altar of Hepliaklqana.
  3328 | D:5      | Noticed Pikel
  3328 | D:5      | Noticed Blork the orc
  3329 | D:5      | Noticed a water moccasin
  3354 | D:5      | Killed Pikel
  3355 | D:5      | Reached skill level 5 in Fighting
  3355 | D:5      | Reached skill level 6 in Maces & Flails
  3355 | D:5      | Reached skill level 5 in Armour
  3355 | D:5      | Reached XP level 8. HP: 42/63 MP: 8/8
  3360 | D:5      | Killed Blork the orc
  3361 | D:5      | Reached skill level 7 in Maces & Flails
  3708 | D:5      | Found a sparkling altar of Nemelex Xobeh.
  3789 | D:5      | Found a sacrificial altar of Ru.
  3915 | D:5      | Reached XP level 9. HP: 66/69 MP: 9/9
  4348 | D:6      | Found a staircase to the Ecumenical Temple.
  4413 | D:6      | Found a sand-covered staircase.
  4426 | D:6      | Reached skill level 8 in Maces & Flails
  4439 | Ossuary  | Entered an ossuary
  4952 | Temple   | Entered the Ecumenical Temple
  5089 | Temple   | Became a worshipper of Warmaster Okawaru
  5551 | D:6      | Found a broken altar of Ashenzari.
  6006 | D:7      | Found a snail-covered altar of Cheibriados.
  6059 | D:7      | Reached skill level 9 in Maces & Flails
  6059 | D:7      | Reached skill level 1 in Stealth
  6097 | D:7      | Reached * piety under Okawaru
  6102 | D:7      | Noticed Duvessa
  6137 | D:7      | Noticed Dowan
  6145 | D:7      | Killed Duvessa
  6146 | D:7      | Reached skill level 1 in Evocations
  6153 | D:7      | Killed Dowan
  6154 | D:7      | Reached skill level 1 in Invocations
  6204 | D:7      | Reached XP level 10. HP: 56/77 MP: 10/10
  6984 | D:7      | Noticed Joseph
  6997 | D:7      | Killed Joseph
  8037 | D:8      | Reached ** piety under Okawaru
  8038 | D:8      | Noticed Psyche
  8041 | D:8      | Killed Psyche
  8115 | D:8      | Noticed a two-headed ogre
  8124 | D:8      | Killed a two-headed ogre
  8454 | D:8      | Identified the +0 leather armour of Ignis's Regard {Rampage
                  | Dex+2}
  8546 | D:8      | Reached *** piety under Okawaru
  8680 | D:8      | Noticed Maggie
  8689 | D:8      | Killed Maggie
  8690 | D:8      | Reached XP level 11. HP: 86/86 MP: 13/13
  8822 | D:8      | Reached skill level 10 in Maces & Flails
  8990 | D:8      | Found a shimmering altar of Xom.
  8990 | D:8      | Found a blossoming altar of Fedhas.
  9671 | D:9      | Found a flagged portal.
  9688 | D:9      | Noticed a two-headed ogre
  9696 | D:9      | Killed a two-headed ogre
  9696 | D:9      | Reached **** piety under Okawaru
  9809 | Bailey   | Entered a bailey
  9945 | Bailey   | Noticed an orc knight
  9961 | Bailey   | Killed an orc knight
 10075 | Bailey   | Noticed an orc high priest
 10087 | Bailey   | Killed an orc high priest
 10479 | Bailey   | Reached skill level 5 in Stealth
 10666 | Bailey   | Found an iron altar of Okawaru.
 10666 | Bailey   | Noticed an orc high priest
 10678 | Bailey   | Killed an orc high priest
 10738 | Bailey   | Found the +3 pair of gauntlets of War {Slay+5}
 10996 | Bailey   | Acquired 1000 gold pieces
 11106 | D:9      | Noticed a centaur warrior
 11117 | D:9      | Killed a centaur warrior
 11490 | D:10     | Entered Level 10 of the Dungeon
 11537 | D:10     | Noticed a two-headed ogre
 11546 | D:10     | Killed a two-headed ogre
 11546 | D:10     | Reached ***** piety under Okawaru
 11547 | D:10     | Reached XP level 12. HP: 91/96 MP: 15/15
 11651 | D:10     | Reached skill level 5 in Invocations
 11805 | D:10     | Reached skill level 11 in Maces & Flails
 11910 | D:10     | Identified the amulet of Xovuhep {Harm Will++ Regen+}
 12022 | D:10     | Noticed an ogre mage
 12031 | D:10     | Killed an ogre mage
 12073 | D:10     | Identified the +1 chain mail "Cofilu" {rF+ Will+ SInv}
                  | (Okawaru gifted it to you on level 10 of the Dungeon)
 12073 | D:10     | Received a gift from Okawaru
 12074 | D:10     | Reached skill level 5 in Evocations
 12165 | D:10     | Noticed a great orb of eyes
 12165 | D:10     | Noticed a stone giant
 12169 | D:10     | Reached skill level 10 in Fighting
 12173 | D:10     | Noticed a deep troll
 12178 | D:10     | Killed a great orb of eyes
 12179 | D:10     | Reached skill level 5 in Dodging
 12193 | D:10     | Killed a stone giant
 12214 | D:10     | Killed a deep troll
 12363 | D:10     | Noticed a great orb of eyes
 12372 | D:10     | Killed a great orb of eyes
 12409 | D:10     | Identified the +0 leather armour of Fortitude {Stlth+}
 12412 | D:10     | Identified the +10 trident of Brutal Revenge {drain, Fly
                  | rElec Int+3 Dex-5}
 12715 | D:10     | Found a bloodstained altar of Trog.
 13133 | D:10     | Identified the +8 war axe of Wygept {elec, rCorr Str+4
                  | Int+3}
 13563 | D:11     | Noticed a two-headed ogre
 13566 | D:11     | Killed a two-headed ogre
 13567 | D:11     | Reached XP level 13. HP: 104/104 MP: 17/17
 13572 | D:11     | Reached skill level 10 in Shields
 13771 | D:11     | Identified the +0 tower shield "Marasy" {rCorr Dex+3}
                  | (Okawaru gifted it to you on level 11 of the Dungeon)
 13771 | D:11     | Received a gift from Okawaru
 13880 | D:11     | Found a staircase to the Lair.
 14040 | D:11     | Reached skill level 12 in Maces & Flails
 14183 | Lair:1   | Entered Level 1 of the Lair of Beasts
 15040 | Lair:2   | Noticed a catoblepas
 15049 | Lair:2   | Killed a catoblepas
 15088 | Lair:2   | Noticed a five-headed hydra
 15102 | Lair:2   | Killed a five-headed hydra
 15444 | Lair:2   | Found a staircase to the Shoals.
 15571 | Lair:2   | Got Lerali's Reference Book on Changed Curses
 15693 | Lair:2   | Noticed a four-headed hydra
 15703 | Lair:2   | Killed a four-headed hydra
 15704 | Lair:2   | Reached XP level 14. HP: 99/114 MP: 19/19
 15943 | Lair:3   | Found a frozen archway.
 15953 | IceCv    | Entered an ice cave
 16334 | IceCv    | Identified the +3 kite shield of the Other World {Regen+
                  | Slay+3} (Okawaru gifted it to you in an ice cave)
 16334 | IceCv    | Received a gift from Okawaru
 16731 | IceCv    | Got Sif Muna's Excursus on the Blizzard
 16741 | IceCv    | Identified the ring "Roaligul" {Ice Dex+3 Slay+2 SInv}
 16843 | Lair:3   | Noticed Amaemon
 16856 | Lair:3   | Killed Amaemon
 17298 | Lair:3   | Noticed Fannar
 17330 | Lair:3   | Killed Fannar
 17449 | Lair:3   | Found a hole to the Spider Nest.
 17974 | Lair:4   | You fall into a shaft and drop 1 floor!
 17974 | Lair:5   | Entered Level 5 of the Lair of Beasts
 17974 | Lair:5   | Found a staircase to the Slime Pits.
 18000 | Lair:5   | Reached skill level 13 in Maces & Flails
 18097 | Lair:5   | Reached ****** piety under Okawaru
 18125 | Lair:5   | Identified the +7 eveningstar of the Blessed Realm {freeze,
                  | rElec rF+} (Okawaru gifted it to you on level 5 of the Lair
                  | of Beasts)
 18125 | Lair:5   | Received a gift from Okawaru
 18349 | Lair:5   | Reached skill level 10 in Armour
 18352 | Lair:5   | Reached XP level 15. HP: 122/122 MP: 21/21
 18920 | Lair:5   | Identified the +1 pair of boots of Jigsaw {+Inv rPois Int-2
                  | Stlth+} (Okawaru gifted it to you on level 5 of the Lair of
                  | Beasts)
 18920 | Lair:5   | Received a gift from Okawaru
 19134 | Lair:5   | Found a corrupted altar of Lugonu.
 19134 | Lair:5   | Found a one-way gate to the infinite horrors of the Abyss.
 20565 | D:12     | Found a staircase to the Orcish Mines.
 20594 | D:12     | Reached skill level 10 in Stealth
 20699 | D:12     | Noticed Nessos
 20705 | D:12     | Killed Nessos
 21905 | Orc:1    | Entered Level 1 of the Orcish Mines
 22003 | Orc:2    | Entered Level 2 of the Orcish Mines
 22019 | Orc:2    | Received a gift from Okawaru
 22046 | Orc:2    | Found Segges's Jewellery Boutique.
 22069 | Orc:2    | Bought the ring of Pedel {rF+ AC+4} for 750 gold pieces
 22188 | Orc:2    | Found a staircase to the Elven Halls.
 22208 | Orc:2    | Found a bloodstained altar of Trog.
 22269 | Orc:2    | Reached skill level 14 in Maces & Flails
 22341 | Orc:2    | Found Usoniung's Antique Weapon Boutique.
 22418 | Orc:2    | Reached XP level 16. HP: 44/132 MP: 23/23
 22427 | Orc:2    | Killed from afar by an orc sorcerer

Illustrated notes

Levels and vault maps discovered:
D:1:      amcnicky_arrival_single_pillar, layout_basic, grunt_decor_resistance
D:2:      layout_basic
D:3:      layout_basic, mainiacjoe_overflow_tiny_flanked,
          chequers_serial_rivers_micro_c, kennysheep_decorative_pillar
D:4:      layout_basic, uniq_sigmund
D:5:      layout_cave_pools, mainiacjoe_overflow_24_doors,
          mainiacjoe_overflow_catwalk, mainiacjoe_overflow_six_doors_small,
          grunt_tough_drop, uniq_pikel, uniq_blork_the_orc
D:6:      layout_basic, lemuel_round_altar, minmay_temple_entry_antechambers,
          chequers_ossuary_entry_cave
D:7:      layout_gridville, kennysheep_slug_shrine, uniq_joseph, uniq_duvessa
D:8:      layout_basic, gammafunk_temple_overflow_statue, special_room
          [special_room_orc], nicolae_straight_to_the_point, uniq_maggie,
          uniq_psyche
D:9:      layout_roguey, lightli_bailey_entry_fortress
D:10:     minmay_sliced_demisemicircle, layout_stronghold,
          mainiacjoe_overflow_alcove_4, worms_lemuel
D:11:     layout_roguey, erik_lair_orcish_takeover
D:12:     layout_basic, zombieorc2_lemuel, uniq_nessos
Temple:   nicolae_temple_figure_eight
Lair:1:   layout_long_grid, serial_bayou_pond_a
Lair:2:   layout_regular_city, elwin_shoals_entry_rooms
Lair:3:   layout_regular_city, dummy_spider_entry,
          portal_ice_cave_entry_pillars_2, uniq_fannar, uniq_amaemon
Lair:4:   layout_regular_city, nicolae_lair_run_with_the_wolves
Lair:5:   hellmonk_lair_end_abyssal_woods, layout_cave_pods,
          minmay_slime_entry_jelly_boxes, grunt_forest_large_clearings
Orc:1:    minmay_goldmine, layout_diamond_mine
Orc:2:    st_orc_elflike, layout_diamond_mine, serial_shops, shop, basic_altar

Skill      XL: |  1  2  3  4  5  6  7  8  9 10 11 12 13 14 15 |
---------------+----------------------------------------------+-----
Maces & Flails | 3 4 5 6 7 9 10 11 12 13 14 | 14.1
Fighting       | 4 5 6 8 9 10 11 12 13 | 13.7
Dodging        | 1 2 3 4 5 6 7 |  7.6
Armour         | 4 5 6 7 8 9 10 | 10.6
Shields        | 5 6 7 8 9 10 11 12 | 12.4
Stealth        | 1 3 5 6 8 9 10 | 10.2
Evocations     | 1 3 4 5 6 7 8 |  8.5
Invocations    | 1 3 4 6 7 8 9 |  9.4

Action                     |  1- 3 |  4- 6 |  7- 9 | 10-12 | 13-15 | 16-18 || total
---------------------------+-------+-------+-------+-------+-------+-------++-------
  Melee: Flail             |    46 |       |    43 |   124 |       |       ||   213
         Whip              |    50 |    90 |   302 |       |       |       ||   442
         Dire flail        |       |       |       |   370 |   328 |       ||   698
         Morningstar       |       |       |       |    48 |       |       ||    48
         Demon whip        |       |       |       |       |   233 |       ||   233
         Eveningstar       |       |       |       |       |   366 |       ||   366
 Invoke: Heroism           |       |       |     1 |     5 |     4 |       ||    10
         Finesse           |       |       |       |     1 |     1 |       ||     2
Ability: Dig               |       |     6 |     7 |     6 |     6 |       ||    25
  Evoke: Wand              |       |       |       |     4 |     5 |       ||     9
    Use: Scroll            |     1 |     8 |     6 |    11 |     2 |       ||    28
         Potion            |       |       |     1 |       |     1 |     1 ||     3
   Stab: Distracted        |       |       |       |       |     2 |       ||     2
 Armour: Scale mail        |    33 |    25 |       |       |       |       ||    58
         Chain mail        |       |    18 |   110 |    53 |       |       ||   181
         Plate armour      |       |       |       |   158 |   318 |     1 ||   477
  Dodge: Dodged            |    40 |    21 |   107 |   169 |   203 |       ||   540
  Block: Buckler           |    18 |       |       |       |       |       ||    18
         Kite shield       |     4 |    42 |   141 |   284 |   405 |       ||   876
         Tower shield      |       |       |       |       |   138 |       ||   138
